| TOP OF THE 1ST |
|
Chester Pirates batting - Pitching for Trois-Riveres Aigles : RHP Julian Black
|
|
Pitching: RHP Julian Black
|
|
|
Batting: RHB Terrence Wilson
|
0-0: Called Strike 0-1: Ball 1-1: Ball 2-1: Foul Ball, location: 2F 2-2: Strikes out looking
|
|
Batting: RHB Tim Moore
|
0-0: Called Strike 0-1: Fly out, F8 (Line Drive, 8LD, EV 90.0 MPH)
|
|
Batting: RHB Brandon White
|
0-0: Called Strike 0-1: Ground out 4-3 (Groundball, 4, EV 85.0 MPH)
|
| Top of the 1st over - 0 runs, 0 hits, 0 errors, 0 left on base; Chester 0 - Trois-Riveres 0 |
| BOTTOM OF THE 1ST |
|
Trois-Riveres Aigles batting - Pitching for Chester Pirates : LHP Jim Turan
|
|
Pitching: LHP Jim Turan
|
|
|
Batting: LHB Jonathan Spino
|
0-0: Foul Ball, location: 2F 0-1: Ball 1-1: Ball 2-1: Ball 3-1: Base on Balls
|
|
Batting: LHB Harris Vink
|
0-0: Called Strike Jonathan Spino steals 2nd base (no throw) 0-1: Ground out 4-3 (Groundball, 4, EV 88.8 MPH) Jonathan Spino to third
|
|
Batting: LHB Darryl Gonnella
|
0-0: Fly out, F8 (Flyball, 8LS, EV 91.9 MPH)
|
|
Batting: RHB Sesto Carpini
|
0-0: Called Strike 0-1: Ball 1-1: Ground out 5-3 (Groundball, 5S, EV 89.4 MPH)
|
| Bottom of the 1st over - 0 runs, 0 hits, 0 errors, 1 left on base; Chester 0 - Trois-Riveres 0 |
| TOP OF THE 2ND |
|
Chester Pirates batting - Pitching for Trois-Riveres Aigles : RHP Julian Black
|
|
Batting: LHB Carlos Vega
|
0-0: Called Strike 0-1: Ball 1-1: Swinging Strike 1-2: SINGLE (Groundball, 34D, EV 108.8 MPH)
|
|
Batting: SHB Don Hauk
|
0-0: Called Strike 0-1: Swinging Strike 0-2: Ball 1-2: SINGLE (Groundball, 4MS, EV 66.2 MPH) (infield hit) Carlos Vega to second
|
|
Batting: LHB Dustin Herman
|
0-0: Ball 1-0: Foul Ball, location: 2F 1-1: Foul Ball, location: 2F 1-2: Foul Ball, location: 2F 1-2: Strikes out looking
|
|
Batting: RHB Frank Elizondo
|
0-0: Called Strike 0-1: Called Strike 0-2: Strikes out looking
|
|
Batting: RHB Erik Mulligan
|
0-0: Called Strike 0-1: Called Strike 0-2: Ball 1-2: Ball 2-2: Strikes out looking
|
| Top of the 2nd over - 0 runs, 2 hits, 0 errors, 2 left on base; Chester 0 - Trois-Riveres 0 |
| BOTTOM OF THE 2ND |
|
Trois-Riveres Aigles batting - Pitching for Chester Pirates : LHP Jim Turan
|
|
Batting: RHB Jose Arriola
|
0-0: Ground out 6-3 (Groundball, 6, EV 111.2 MPH)
|
|
Batting: SHB Joshua Jackson
|
0-0: Ball 1-0: Foul Ball, location: 2F 1-1: Ball 2-1: Swinging Strike 2-2: Ground out 4-3 (Groundball, 34, EV 76.2 MPH)
|
|
Batting: RHB Nelle Lommen
|
0-0: Ball 1-0: SINGLE (Groundball, 34D, EV 105.6 MPH)
|
|
Batting: RHB Jason Penfield
|
0-0: SINGLE (Groundball, 56D, EV 100.0 MPH) Nelle Lommen to second
|
|
Batting: RHB Josh Harmon
|
0-0: Called Strike 0-1: Reached on error, E6 (Groundball, 6, EV 88.1 MPH) Nelle Lommen to third Jason Penfield to second
|
|
Batting: LHB Jonathan Spino
|
0-0: SINGLE (Groundball, 4D, EV 98.1 MPH) Nelle Lommen scores Jason Penfield to third Josh Harmon to second Runner from 3rd tries for Home, SAFE, throw by CF to home
|
|
Batting: LHB Harris Vink
|
0-0: Swinging Strike 0-1: Called Strike 0-2: Ground out 4-3 (Groundball, 4, EV 95.6 MPH)
|
| Bottom of the 2nd over - 2 runs, 3 hits, 1 error, 2 left on base; Chester 0 - Trois-Riveres 2 |
| TOP OF THE 3RD |
|
Chester Pirates batting - Pitching for Trois-Riveres Aigles : RHP Julian Black
|
|
Batting: LHB Chad Cutler
|
0-0: Ball 1-0: Swinging Strike 1-1: Foul Ball, location: 2F 1-2: Ball 2-2: Strikes out swinging
|
|
Batting: RHB Terrence Wilson
|
0-0: Ball 1-0: TRIPLE (Flyball, 78XD, EV 105.6 MPH)
|
|
Batting: RHB Tim Moore
|
0-0: Called Strike 0-1: Foul Ball, location: 2F 0-2: SINGLE (Line Drive, 4D, EV 96.2 MPH) Terrence Wilson scores
|
|
Batting: RHB Brandon White
|
0-0: Swinging Strike 0-1: Swinging Strike 0-2: Strikes out swinging
|
|
Batting: LHB Carlos Vega
|
0-0: Ball 1-0: Called Strike 1-1: Foul Ball, location: 2F 1-2: Strikes out swinging
|
| Top of the 3rd over - 1 run, 2 hits, 0 errors, 1 left on base; Chester 1 - Trois-Riveres 2 |
| BOTTOM OF THE 3RD |
|
Trois-Riveres Aigles batting - Pitching for Chester Pirates : LHP Jim Turan
|
|
Batting: LHB Darryl Gonnella
|
0-0: Called Strike 0-1: Swinging Strike 0-2: Ball 1-2: Strikes out swinging, 2-3 out at first.
|
|
Batting: RHB Sesto Carpini
|
0-0: Ball 1-0: Ball 2-0: Called Strike 2-1: Swinging Strike 2-2: Strikes out swinging, 2-3 out at first.
|
|
Batting: RHB Jose Arriola
|
0-0: Ball 1-0: Ground out 4-3 (Groundball, 4, EV 103.8 MPH)
|
| Bottom of the 3rd over - 0 runs, 0 hits, 0 errors, 0 left on base; Chester 1 - Trois-Riveres 2 |
| TOP OF THE 4TH |
|
Chester Pirates batting - Pitching for Trois-Riveres Aigles : RHP Julian Black
|
|
Batting: SHB Don Hauk
|
0-0: Foul Ball, location: 2F 0-1: Foul Ball, location: 2F 0-2: Ball 1-2: Foul Ball, location: 2F 1-2: Ground out 1-3 (Groundball, P, EV 69.4 MPH)
|
|
Batting: LHB Dustin Herman
|
0-0: Fly out, F5 (Popup, 56, EV 79.4 MPH)
|
|
Batting: RHB Frank Elizondo
|
0-0: Foul Ball, location: 2F 0-1: Ground out U3 (Groundball, 34S, EV 80.6 MPH)
|
| Top of the 4th over - 0 runs, 0 hits, 0 errors, 0 left on base; Chester 1 - Trois-Riveres 2 |
| BOTTOM OF THE 4TH |
|
Trois-Riveres Aigles batting - Pitching for Chester Pirates : LHP Jim Turan
|
|
Batting: SHB Joshua Jackson
|
0-0: Called Strike 0-1: Foul Ball, location: 2F 0-2: Ball 1-2: Ball 2-2: Ball 3-2: Foul Ball, location: 2F 3-2: Ground out 5-3 (Groundball, 56S, EV 68.1 MPH)
|
|
Batting: RHB Nelle Lommen
|
0-0: Reached on error, E6 (Groundball, 6, EV 110.0 MPH)
|
|
Batting: RHB Jason Penfield
|
0-0: Called Strike 0-1: Foul Ball, location: 2F 0-2: Ball 1-2: Foul Ball, location: 2F 1-2: Ball 2-2: Strikes out swinging
|
|
Batting: RHB Josh Harmon
|
0-0: Called Strike 0-1: Ball 1-1: Ball 2-1: Foul Ball, location: 2F 2-2: Strikes out looking
|
| Bottom of the 4th over - 0 runs, 0 hits, 1 error, 1 left on base; Chester 1 - Trois-Riveres 2 |
| TOP OF THE 5TH |
|
Chester Pirates batting - Pitching for Trois-Riveres Aigles : RHP Julian Black
|
|
Batting: RHB Erik Mulligan
|
0-0: Called Strike 0-1: Swinging Strike 0-2: Ball 1-2: Ball 2-2: Foul Ball, location: 2F 2-2: Strikes out swinging
|
|
Batting: LHB Chad Cutler
|
0-0: Called Strike 0-1: SINGLE (Line Drive, 34, EV 98.8 MPH)
|
|
Batting: RHB Terrence Wilson
|
0-0: Foul Ball, location: 2F 0-1: Swinging Strike 0-2: Ball 1-2: Fly out, F8 (Flyball, 8RM, EV 76.9 MPH)
|
|
Batting: RHB Tim Moore
|
0-0: Ground out 1-3 (Groundball, 13S, EV 65.0 MPH)
|
| Top of the 5th over - 0 runs, 1 hit, 0 errors, 1 left on base; Chester 1 - Trois-Riveres 2 |
| BOTTOM OF THE 5TH |
|
Trois-Riveres Aigles batting - Pitching for Chester Pirates : LHP Jim Turan
|
|
Batting: LHB Jonathan Spino
|
0-0: Ball 1-0: Ball 2-0: Ball 3-0: Called Strike 3-1: Swinging Strike 3-2: DOUBLE (Line Drive, 7LS, EV 95.6 MPH)
|
|
Batting: LHB Harris Vink
|
0-0: Ball 1-0: Ball 2-0: Foul Ball, location: 2F 2-1: Ball 3-1: Base on Balls
|
|
Batting: LHB Darryl Gonnella
|
0-0: Ball 1-0: Ball 2-0: Called Strike 2-1: Foul Ball, location: 2F 2-2: Ball 3-2: Ground out 6-3 (Groundball, P, EV 87.5 MPH) Jonathan Spino to third Harris Vink to second
|
|
Batting: RHB Sesto Carpini
|
0-0: Called Strike 0-1: Swinging Strike 0-2: Fly out, F8 (Flyball, 78D, EV 105.0 MPH) Runner from 3rd tags up, OUT at HOME! 8-2
|
| Bottom of the 5th over - 0 runs, 1 hit, 0 errors, 1 left on base; Chester 1 - Trois-Riveres 2 |
| TOP OF THE 6TH |
|
Chester Pirates batting - Pitching for Trois-Riveres Aigles : RHP Julian Black
|
|
Batting: RHB Brandon White
|
0-0: Ball 1-0: Foul Ball, location: 2F 1-1: Foul Ball, location: 2F 1-2: Strikes out swinging
|
|
Batting: LHB Carlos Vega
|
0-0: Ball 1-0: Ball 2-0: Swinging Strike 2-1: Called Strike 2-2: Ball 3-2: Strikes out looking
|
|
Batting: SHB Don Hauk
|
0-0: SINGLE (Flyball, 3D, EV 96.9 MPH)
|
|
Batting: LHB Dustin Herman
|
0-0: Called Strike 0-1: Foul Ball, location: 2F 0-2: Ball 1-2: Fly out, F7 (Flyball, 78M, EV 88.8 MPH)
|
| Top of the 6th over - 0 runs, 1 hit, 0 errors, 1 left on base; Chester 1 - Trois-Riveres 2 |
| BOTTOM OF THE 6TH |
|
Trois-Riveres Aigles batting - Pitching for Chester Pirates : LHP Jim Turan
|
|
Batting: RHB Jose Arriola
|
0-0: Ball 1-0: Ground out 1-3 (Groundball, 13, EV 66.2 MPH)
|
|
Batting: SHB Joshua Jackson
|
0-0: Foul Ball, location: 2F 0-1: Called Strike 0-2: Ball 1-2: SINGLE (Line Drive, 78M, EV 93.8 MPH)
|
|
Batting: RHB Nelle Lommen
|
0-0: Called Strike 0-1: Called Strike 0-2: Ball 1-2: Strikes out swinging
|
|
Batting: RHB Jason Penfield
|
0-0: Fly out, F6 (Popup, 6, EV 56.9 MPH)
|
| Bottom of the 6th over - 0 runs, 1 hit, 0 errors, 1 left on base; Chester 1 - Trois-Riveres 2 |
| TOP OF THE 7TH |
|
Chester Pirates batting - Pitching for Trois-Riveres Aigles : RHP Julian Black
|
|
Batting: RHB Frank Elizondo
|
0-0: Foul Ball, location: 2F 0-1: Swinging Strike 0-2: Ball 1-2: Ground out 6-3 (Groundball, 6, EV 78.8 MPH)
|
|
Batting: RHB Erik Mulligan
|
0-0: Called Strike 0-1: Ball 1-1: Called Strike 1-2: Foul Ball, location: 2F 1-2: Foul Ball, location: 2F 1-2: Strikes out swinging
|
|
Batting: LHB Chad Cutler
|
0-0: Ball 1-0: Swinging Strike 1-1: Foul Ball, location: 2F 1-2: Strikes out looking
|
| Top of the 7th over - 0 runs, 0 hits, 0 errors, 0 left on base; Chester 1 - Trois-Riveres 2 |
| BOTTOM OF THE 7TH |
|
Trois-Riveres Aigles batting - Pitching for Chester Pirates : LHP Jim Turan
|
|
Batting: RHB Josh Harmon
|
0-0: Foul Ball, location: 2F 0-1: Ball 1-1: Ball 2-1: Ground out U3 (Groundball, 3, EV 93.8 MPH)
|
|
Batting: LHB Jonathan Spino
|
0-0: Foul Ball, location: 2F 0-1: Foul Ball, location: 2F 0-2: Fly out, F9 (Flyball, 9LS, EV 90.0 MPH)
|
|
Batting: LHB Harris Vink
|
0-0: Ball 1-0: Called Strike 1-1: Foul Ball, location: 2F 1-2: TRIPLE (Line Drive, 7D, EV 110.0 MPH)
|
|
Batting: LHB Darryl Gonnella
|
0-0: Swinging Strike 0-1: Swinging Strike 0-2: SINGLE (Groundball, 4MD, EV 107.5 MPH) Harris Vink scores
|
|
Batting: RHB Sesto Carpini
|
0-0: Ball Darryl Gonnella steals 2nd base (no throw) 1-0: Ball 2-0: Ball 3-0: Called Strike 3-1: Called Strike 3-2: Strikes out swinging
|
| Bottom of the 7th over - 1 run, 2 hits, 0 errors, 1 left on base; Chester 1 - Trois-Riveres 3 |
| TOP OF THE 8TH |
|
Chester Pirates batting - Pitching for Trois-Riveres Aigles : RHP Julian Black
|
|
Batting: RHB Terrence Wilson
|
0-0: Ball 1-0: Fly out, F8 (Flyball, 8LD, EV 107.5 MPH)
|
|
Batting: RHB Tim Moore
|
0-0: Called Strike 0-1: Ball 1-1: Ground out U3 (Groundball, 34S, EV 81.9 MPH)
|
|
Batting: RHB Brandon White
|
0-0: Ball 1-0: Fly out, F8 (Line Drive, 8LD, EV 87.5 MPH)
|
| Top of the 8th over - 0 runs, 0 hits, 0 errors, 0 left on base; Chester 1 - Trois-Riveres 3 |
| BOTTOM OF THE 8TH |
|
Trois-Riveres Aigles batting - Pitching for Chester Pirates : LHP Jim Turan
|
|
Batting: RHB Jose Arriola
|
0-0: Called Strike 0-1: Called Strike 0-2: Foul Ball, location: 2F 0-2: Strikes out swinging
|
|
Batting: SHB Joshua Jackson
|
0-0: Ball 1-0: Ball 2-0: Ball 3-0: Foul Ball, location: 2F 3-1: SOLO HOME RUN (Flyball, 7LD, EV 98.8 MPH), Distance : 358 ft
|
|
Pitching: RHP Fred McIlrath
|
|
|
Batting: RHB Nelle Lommen
|
0-0: Ball 1-0: Called Strike 1-1: Single, Error in OF, E9, batter to second base (Line Drive, 9S, EV 85.6 MPH)
|
|
Batting: RHB Jason Penfield
|
0-0: Intentional Walk
|
|
Batting: LHB Dave Northam
|
0-0: Called Strike 0-1: Ball 1-1: Ball 2-1: Ball 3-1: Swinging Strike 3-2: Strikes out swinging
|
|
Batting: LHB Jonathan Spino
|
0-0: Ball 1-0: Called Strike 1-1: Ball 2-1: Swinging Strike 2-2: Strikes out looking
|
| Bottom of the 8th over - 1 run, 2 hits, 1 error, 2 left on base; Chester 1 - Trois-Riveres 4 |
| TOP OF THE 9TH |
|
Chester Pirates batting - Pitching for Trois-Riveres Aigles : RHP Julian Black
|
|
Pitching: RHP Josh O'Neal
|
|
|
Batting: LHB Carlos Vega
|
0-0: Fly out, F7 (Line Drive, 7, EV 90.6 MPH)
|
|
Batting: SHB Don Hauk
|
0-0: Foul Ball, location: 2F 0-1: Ball 1-1: Foul Ball, location: 2F 1-2: Ball 2-2: Foul Ball, location: 2F 2-2: Ball 3-2: Strikes out swinging
|
|
Batting: LHB Dustin Herman
|
0-0: Ball 1-0: Foul Ball, location: 2F 1-1: Foul Ball, location: 2F 1-2: Foul Ball, location: 2F 1-2: Fly out, F7 (Flyball, 78M, EV 91.9 MPH)
|
| Top of the 9th over - 0 runs, 0 hits, 0 errors, 0 left on base; Chester 1 - Trois-Riveres 4 |
|